[Event "Asian Amateur-ch Open 2022"]
[Site "Muscat"]
[Date "2022.10.03"]
[Round "7.30"]
[White "Salim Mohammed, Salim Al Amri"]
[Black "Al Ryami, Mustafa"]
[Result "1-0"]
[ECO "C50"]
[WhiteElo "1952"]
[BlackElo "1488"]
[Annotator "TA"]
[PlyCount "59"]
[EventDate "2022.09.29"]
[EventType "swiss"]
[EventCountry "OMN"]
[SourceTitle "playchess.com"]
[Source "ChessBase"]
[SourceQuality "1"]
[TimeControl "5400+30"]

1. e4 e5 2. Nc3 Nc6 3. Nf3 d6 4. d4 exd4 5. Nxd4 Bd7 6. Bc4 Ne5 {[%emt 0:01:39] C50: Hungarian Defence and Giuoco Pianissimo.} (6... Nf6 $14) 7. Be2 $16 c5 8. Nf3 {[%emt 0:00:07] [#]} Bc6 $146 {[%emt 0:07:55] White is better.} ({Predecessor:} 8... Nxf3+ 9. Bxf3 Bc6 10. O-O Nf6 11. Nd5 h6 12. c4 Nxd5 13. exd5 Bd7 14. Re1+ Be7 {1-0 (43) Kratky,J (1324)-Pauk,J (787) LSS email 2017}) 9. Bf4 f6 ({Black should try} 9... Ng6 10. Qd2 Be7) 10. O-O Ne7 11. Qd2 N7g6 12. Bg3 Nxf3+ 13. gxf3 Qd7 14. Nd5 (14. Rfd1 $16) 14... Rd8 (14... O-O-O $14) 15. f4 {[%emt 0:00:30] White has more active pieces. The black rooks are badly placed.} Bxd5 (15... h5 $16 {might work better.}) 16. Qxd5 $18 {[%emt 0:00:36] [#] Threatens to win with Bh5.} ({Much less strong is} 16. exd5 $6 Be7 $14) 16... Be7 $2 (16... Ne7 17. Qb3 h5) 17. Bc4 Rf8 {[%emt 0:00:25] Prevents Qf7+.} (17... Rc8 {was worth a try.} 18. Qf7+ Kd8) 18. a4 a6 {[%emt 0:00:18] Against Bb5} 19. a5 Rc8 20. Bb3 Kd8 21. Rfd1 Qc6 (21... Rc7 {was necessary.} 22. e5 Rc6) 22. Qf5 {[%emt 0:00:19] [#] Strongly threatening Ba4.} Qd7 23. Be6 Qc6 24. c4 Kc7 25. Rd3 {[%emt 0:00:40] Rb3 is the strong threat.} Rcd8 (25... Kb8 $142 26. Bxc8 Qxc8) 26. Rb3 {[%emt 1:28:17] Hoping for Bd5.} Rb8 27. Rb6 Qe8 28. Qd5 Nh8 29. f5 Qd8 30. Qxc5# {[%emt 0:00:00] Weighted Error Value: White=0.42/Black=0.90} 1-0

[Event "Asian Amateur-ch Open 2022"]
[Site "Muscat"]
[Date "2022.10.03"]
[Round "7.31"]
[White "Ahmed Waqqas, Alawlaqi"]
[Black "Hayabik, Husain"]
[Result "0-1"]
[ECO "C27"]
[WhiteElo "1417"]
[BlackElo "1828"]
[Annotator "NA RC COMBH"]
[PlyCount "60"]
[EventDate "2022.09.29"]
[EventType "swiss"]
[EventCountry "OMN"]
[SourceTitle "playchess.com"]
[Source "ChessBase"]
[SourceQuality "1"]
[TimeControl "5400+30"]

1. e4 e5 2. Nc3 Nf6 3. Bc4 c6 4. Qe2 d6 5. d3 Be7 6. Bd2 O-O 7. O-O-O b5 8. Bb3 a5 9. a4 bxa4 10. Nxa4 Be6 11. Bxe6 fxe6 12. g4 Nbd7 13. g5 Ne8 14. Qg4 Nc7 15. g6 Nf6 16. gxh7+ Kxh7 17. Qh3+ Kg8 18. Nf3 Qe8 19. Rdg1 Qh5 20. Qg3 Nfe8 21. Ne1 Nb5 22. c3 Rb8 23. Qe3 d5 24. exd5 exd5 25. Rg3 d4 26. Qe4 dxc3 27. bxc3 Ba3+ 28. Kc2 Qf7 29. Kd1 Nbd6 30. Qxc6 Rb1+ 0-1

[Event "Asian Amateur-ch Open 2022"]
[Site "Muscat"]
[Date "2022.10.03"]
[Round "7.32"]
[White "Gabdushev, Arman"]
[Black "Muhammad Iqtedar Uddin"]
[Result "1-0"]
[ECO "B07"]
[WhiteElo "1827"]
[BlackElo "1426"]
[Annotator "NA RC COMBH"]
[PlyCount "67"]
[EventDate "2022.09.29"]
[EventType "swiss"]
[EventCountry "OMN"]
[SourceTitle "playchess.com"]
[Source "ChessBase"]
[SourceQuality "1"]
[TimeControl "5400+30"]

1. e4 Nf6 2. Nc3 d6 3. f4 c6 4. Nf3 h6 5. d4 Nbd7 6. h3 Qa5 7. Bd3 e5 8. Be3 Be7 9. O-O O-O 10. Qd2 Kh7 11. fxe5 dxe5 12. d5 Nh5 13. Nh2 Qd8 14. Rf5 Nhf6 15. Raf1 Bd6 16. g4 Qe7 17. g5 g6 18. gxf6 Nxf6 19. Rxf6 Bc5 20. Bxc5 Qxc5+ 21. Qf2 Qxf2+ 22. R1xf2 Kg7 23. Ng4 Bxg4 24. hxg4 Rad8 25. dxc6 bxc6 26. Rxc6 Rd7 27. Nd5 Rb7 28. b3 a5 29. Rc7 Rbb8 30. Bc4 Rbd8 31. Ne3 Rd6 32. Rfxf7+ Rxf7 33. Rxf7+ Kh8 34. Nd5 1-0

[Event "Asian Amateur-ch Open 2022"]
[Site "Muscat"]
[Date "2022.10.03"]
[Round "7.33"]
[White "Abdulla Younes Alkhemeiri"]
[Black "Said Ahmed Ali Jidal Fadhil"]
[Result "1/2-1/2"]
[ECO "D20"]
[WhiteElo "1405"]
[BlackElo "1755"]
[Annotator "NA RC COMBH"]
[PlyCount "119"]
[EventDate "2022.09.29"]
[EventType "swiss"]
[EventCountry "OMN"]
[SourceTitle "playchess.com"]
[Source "ChessBase"]
[SourceQuality "1"]
[TimeControl "5400+30"]

1. d4 d5 2. c4 dxc4 3. e3 e5 4. Bxc4 exd4 5. exd4 Nf6 6. Nf3 Bb4+ 7. Bd2 Qe7+ 8. Qe2 Qxe2+ 9. Bxe2 Bxd2+ 10. Nbxd2 O-O 11. O-O c6 12. Bc4 Nbd7 13. Rfe1 Nb6 14. Bb3 Nbd5 15. Ne4 Nxe4 16. Rxe4 Be6 17. Ng5 Rfe8 18. Rae1 Bd7 19. Bxd5 cxd5 20. Re7 Rxe7 21. Re3 Re6 22. Rxe6 Re8 23. Rxe8+ Bxe8 24. Kf1 Bb5+ 25. Ke1 h6 26. Nf3 f6 27. Kd2 Kf7 28. Kc3 Bf1 29. g3 g5 30. Kb4 b6 31. Nd2 Be2 32. Nb1 Ke6 33. Nc3 Bf1 34. Nb5 Bxb5 35. Kxb5 Kf5 36. Ka6 Ke4 37. Kxa7 Kxd4 38. Kxb6 Kc4 39. a4 d4 40. a5 d3 41. a6 d2 42. a7 d1=Q 43. a8=Q Qd4+ 44. Kc7 Qxb2 45. Qa6+ Kd5 46. Qd3+ Qd4 47. Qxd4+ Kxd4 48. Kd6 Ke4 49. Ke6 f5 50. Kf6 f4 51. gxf4 gxf4 52. h4 f3 53. Kg6 Kd3 54. Kxh6 Ke2 55. Kg5 Kxf2 56. h5 Ke3 57. h6 f2 58. h7 f1=Q 59. h8=Q Qf4+ 60. Kg6 1/2-1/2

[Event "Asian Amateur-ch Open 2022"]
[Site "Muscat"]
[Date "2022.10.04"]
[Round "8.1"]
[White "Junaid Sohail"]
[Black "Zahmati, Sobhan"]
[Result "0-1"]
[ECO "D30"]
[WhiteElo "1981"]
[BlackElo "1926"]
[Annotator "TA"]
[PlyCount "58"]
[EventDate "2022.09.29"]
[EventType "swiss"]
[EventCountry "OMN"]
[SourceTitle "playchess.com"]
[Source "ChessBase"]
[SourceQuality "1"]
[TimeControl "5400+30"]

1. d4 d5 2. c4 e6 3. Nf3 a6 4. c5 Nc6 5. Bf4 b6 6. cxb6 {[%emt 0:00:37] D30: Queen's Gambit Declined: Systems without Nc3.} (6. b4 $5) 6... cxb6 7. e3 Bd6 {[%emt 0:03:17] [#]} 8. Bg5 $146 {[%emt 0:01:32] White has an edge.} ({Predecessor:} 8. Nbd2 Nge7 9. Rc1 Bb7 10. Bxd6 Qxd6 11. Bd3 Rc8 12. a3 h6 13. O-O O-O 14. Qe2 {½-½ (35) Mamedyarov,S (2764)-Sanal,V (2581) Playchess.com INT 2020}) 8... f6 9. Bh4 g5 10. Bg3 Nge7 11. Nc3 Nf5 12. Bd3 Nxg3 13. hxg3 g4 (13... f5 $14) 14. Ng1 (14. Nh4 $1 $16) 14... f5 15. Nge2 h5 16. f3 gxf3 17. gxf3 Qg5 18. Kf2 Ra7 (18... Bb7 $11) 19. Rc1 ({White should try} 19. f4 $14 Qg4 20. Rc1) 19... Rg7 (19... h4 $11 20. gxh4 (20. f4 Qd8 $11) 20... Rxh4) 20. f4 $1 $16 (20. Nxd5 Bxg3+ 21. Kf1 exd5 $17) 20... Qg6 21. Nxd5 h4 {[%emt 0:00:55][%cal Rh4g3] [#]} 22. g4 (22. Rxc6 $2 hxg3+ 23. Kg2 Rh2+ 24. Rxh2 gxh2+ 25. Kf2 Qg2+ 26. Ke1 h1=Q+ $19) 22... Bb7 {[%emt 0:00:32] [#]} 23. Bxa6 $1 Bxa6 $11 {[%emt 0:00:31] A strong pair of Bishops.} 24. Rxc6 {[%emt 0:00:02] [#]} (24. g5 $11 exd5 25. Rxc6) 24... exd5 {[%emt 0:00:32] Dancing on a razor blade.} (24... fxg4 $1 $17 25. Rxd6 g3+ 26. Ke1 O-O) 25. Qa4 $2 {[%emt 0:01:11] [#] Loses the game.} (25. g5 $1 $11 {and White has nothing to worry.} Rc7 26. Rxb6 Bxe2 27. Qxe2) 25... O-O $1 $19 26. Qxa6 fxg4 {[%emt 0:00:35][%cal Bf5g4,Bg4g3][%mdl 32] Hoping for ...g3+.} (26... Qxg4 $2 27. Rg1 Qh3 28. Rxg7+ (28. Rxd6 Qh2+ 29. Kf1 Qh3+ 30. Ke1 Rxg1+ 31. Nxg1 Qg3+ 32. Kd2 Qxg1 $16) 28... Kxg7 29. Rxd6 $18) 27. Rxh4 $2 (27. Qb5 g3+ 28. Ke1) 27... g3+ 28. Kg1 {[%emt 0:00:03] [#]} Qe4 $1 29. Kf1 {[%emt 0:14:29] [#]} Qxe3 $1 {[%emt 0:00:16] Weighted Error Value: White=0.68/Black=0.23 (precise)} 0-1

[Event "Asian Amateur-ch Open 2022"]
[Site "Muscat"]
[Date "2022.10.04"]
[Round "8.2"]
[White "Fooladi, Behrooz"]
[Black "Mohammed Tareq Abbood Al-Latoo"]
[Result "1/2-1/2"]
[ECO "E04"]
[WhiteElo "1928"]
[BlackElo "1957"]
[Annotator "TA"]
[PlyCount "129"]
[EventDate "2022.09.29"]
[EventType "swiss"]
[EventCountry "OMN"]
[SourceTitle "playchess.com"]
[Source "ChessBase"]
[SourceQuality "1"]
[TimeControl "5400+30"]

1. d4 Nf6 2. Nf3 e6 3. c4 d5 4. g3 dxc4 5. Bg2 c5 6. O-O Nc6 7. Qa4 Bd7 8. dxc5 Bxc5 9. Qxc4 Bb6 {[%emt 0:04:45] E04: Open Catalan: 5 Nf3.} 10. Nc3 {[%emt 0:00:37][%cal Bb1c3,Bc3a4,Ba4c5][%mdl 32] [#]} a6 $146 (10... Rc8 $11) ({Predecessor:} 10... O-O 11. Rd1 Qe7 12. Bg5 Rfd8 13. Ne4 Rac8 14. Nxf6+ gxf6 15. Bh6 Nd4 16. Qd3 Bb5 17. Qe4 {1-0 (40) Vastrukhin,O (2401)-Sawlin,L (2385) Chess.com INT 2020}) 11. Bg5 h6 {[%emt 0:09:12] White is better.} 12. Bxf6 Qxf6 13. Rfd1 Qd8 14. Na4 Ba7 15. Nc5 Bxc5 16. Qxc5 Qe7 17. Qb6 Rb8 18. Rd2 O-O 19. Rad1 Be8 20. Rd6 e5 (20... Rc8 $14) 21. Nh4 {[%emt 0:01:44] White is much more active. The black rooks are badly placed.} (21. e3 $16) 21... Nd4 $11 22. e3 (22. e4 $5 ) 22... Bc6 $1 23. R1xd4 (23. Qc5 $1 $11 b6 24. Qa3 Bxg2 25. exd4) 23... exd4 $17 24. Qxd4 Rfe8 (24... Bxg2 25. Qxg7+ $1 Kxg7 26. Nf5+ Kg8 27. Nxe7+ Kh7 28. Kxg2 $14) (24... Rfd8 $1 $17 25. Nf5 Qf8) 25. Bxc6 $11 bxc6 26. Rxc6 (26. b3 $1 $11 {remains equal.}) 26... Qe5 (26... Qb7 $1 $17 27. Nf5 Qxb2 28. Qxb2 Rxb2 29. Rxa6 Reb8) 27. b3 (27. Qxe5 $11 {and White has nothing to worry.} Rxe5 28. b3) 27... Qxd4 $19 28. exd4 {[%emt 0:00:02][%mdl 4096] Endgame KRR-KRN} Re6 (28... Re2 $19 29. Rxa6 Rc8) 29. Rc4 (29. Rc2 $17) 29... g6 $2 (29... Re2 $19 30. d5 Rxa2) 30. Ng2 (30. Kf1 $1 $15) 30... Re2 $17 {[%emt 0:00:24][%mdl 1024] Black has strong compensation.} 31. Ra4 Rc8 $1 32. Ne3 Rc6 (32... Rc1+ $1 $17 33. Kg2 Ra1 34. Rxa6 Rexa2 35. Rxa2 Rxa2) 33. Kf1 $11 Rd2 34. d5 Rf6 (34... Rc1+ $15 35. Kg2 Ra1 36. Rxa6 Raxa2 37. Rxa2 Rxa2) 35. f4 (35. Ng4 $11 Rd6 36. Ne3) 35... h5 36. h4 Kg7 37. Ke1 Rb2 38. Ra5 (38. Rd4 $5 ) 38... Rh2 (38... Rb6 $5 ) 39. b4 $2 (39. Nc4 $11) 39... Rb6 $1 $19 40. a3 {[%emt 0:00:05] [#]} Rb8 $1 41. d6 {[%emt 0:00:53] [#]} (41. Rxa6 $2 Re8 42. Kf1 Rxe3 $19) 41... f6 (41... Re8 $1 $17 42. Re5 Kf8) 42. Rc5 (42. Rxa6 Re8 43. Ra7+ Kf8 $17) (42. Kd1 $11) 42... Re8 $17 43. Rc3 Rd8 ({Black should try} 43... Kf7 $17 {And now ...Ke6 would win.} 44. Rd3 Ke6) 44. Nc4 $11 (44. Rc7+ Kf8 45. Nc4 Rg2 $15) 44... Kf7 45. Kd1 Ke6 {[%emt 0:00:31] Hoping for ...Kd5.} 46. Rd3 Rg2 47. Kc1 $1 g5 48. f5+ (48. hxg5 $11 {keeps the balance.} fxg5 49. fxg5) 48... Kd7 (48... Kxf5 $17 {Threatens to win with ...Ke4.} 49. d7 Ke6) 49. hxg5 $15 Rc8 (49... fxg5 50. Ne5+ Kc8 51. Nf7 $16) 50. Rd4 ({Much weaker is} 50. Rc3 Re8 51. Kd1 fxg5 $17) 50... fxg5 {[%emt 0:00:15] White must now prevent ...Re8.} ({Of course not} 50... Rxg3 51. Kb2 Rxc4 52. Rxc4 Rxg5 53. Kc3 $15) 51. Kd1 {[%emt 0:00:10] [#] Ne5+ is the strong threat.} Rxc4 52. Rxc4 Rxg3 $11 {[%emt 0:00:22] KR-KR} 53. f6 $2 (53. Rc5 $1 $15) 53... Kxd6 $19 {[%emt 0:01:37] aiming for ...Ke6.} 54. Rc5 $2 (54. a4 $17) 54... h4 $4 ({Less strong is} 54... Rxa3 55. Rf5 Rc3 56. f7 $18) (54... Ke6 $19 55. Rc6+ Kf7 56. Rxa6 h4) 55. Rf5 $18 {[%emt 0:00:16] White threatens f7 and mate.} Ke6 56. f7 Kxf5 57. f8=Q+ {[%emt 0:00:03] KQ-KR} Kg4 58. Ke2 h3 59. Qc8+ Kh4 60. Qc4+ Rg4 61. Qc7 Rf4 62. Qxf4+ gxf4 $19 63. Kf3 h2 $2 ({Black should play} 63... Kg5 $19 {( -> ...Kf5)} 64. a4 Kf5) 64. Kg2 $11 Kg4 65. a4 {[%emt 0:00:21] Weighted Error Value: White=0.61/Black=0.30} 1/2-1/2

[Event "Asian Amateur-ch Open 2022"]
[Site "Muscat"]
[Date "2022.10.04"]
[Round "8.3"]
[White "Mahmoody, M. Sadegh"]
[Black "Srivatsan Karthikeyan"]
[Result "1/2-1/2"]
[ECO "D02"]
[WhiteElo "1914"]
[BlackElo "1711"]
[Annotator "TA"]
[PlyCount "159"]
[EventDate "2022.09.29"]
[EventType "swiss"]
[EventCountry "OMN"]
[SourceTitle "playchess.com"]
[Source "ChessBase"]
[SourceQuality "1"]
[TimeControl "5400+30"]

1. d4 Nf6 2. Nf3 e6 3. Bf4 b6 4. e3 Bb7 5. Nbd2 d5 6. Bd3 Nbd7 {[%emt 0:00:06] D02: 1 d4 d5 2 Nf3 sidelines, including 2...Nf6 3 g3 and 2...Nf6 3 Bf4.} 7. O-O Bd6 8. Ne5 h6 {[%emt 0:02:35] [#]} 9. c4 $146 ({Predecessor:} 9. Rc1 O-O 10. Ndf3 Nh5 11. Bg3 f5 12. Bh4 Qe8 13. h3 Nxe5 14. Nxe5 Bxe5 15. dxe5 {0-1 (48) Byaruhanga,J (1744)-Mwebembezi,O Kampala 2019}) 9... Qe7 10. Rc1 g5 (10... O-O $11 {keeps the balance.}) 11. Bg3 $16 h5 12. Qa4 (12. Nxd7 $142 Qxd7 13. Nf3) 12... h4 13. Nc6 {[%emt 0:02:42] White is much more active.} Bxc6 14. Qxc6 O-O 15. Bxd6 Qxd6 ({Black should try} 15... cxd6 16. a3 Rfc8) 16. cxd5 Nxd5 17. Qxd6 cxd6 18. Ne4 N7f6 19. Nxd6 ({White should play} 19. Nxg5 $18 Nb4 20. Bb1) 19... Nb4 20. Bb1 Rfd8 21. Ne4 Nxe4 22. Bxe4 Rac8 23. a3 Nd5 24. Bxd5 exd5 {[%emt 0:00:09][%mdl 4096] Endgame KRR-KRR} 25. f3 a5 26. Kf2 f5 27. Ke2 f4 28. exf4 (28. Kd3 $16) 28... gxf4 $14 29. Kd3 Kf7 30. Rc3 Rxc3+ 31. bxc3 {[%emt 0:00:02] KR-KR} Re8 {[%emt 0:00:05] Against Re1} 32. Rb1 h3 {[%emt 0:01:25] The position is equal.} 33. gxh3 Re3+ 34. Kd2 Rxf3 35. Rxb6 Rxh3 36. Rb5 Rxh2+ 37. Kd3 Rh3+ 38. Kd2 Rh2+ 39. Ke1 Ke6 40. Rxa5 Rc2 41. Rc5 Ra2 42. a4 Rxa4 43. Ke2 Rc4 44. Rxc4 dxc4 $11 {[%emt 0:00:06] KPP-KPP} 45. Kf2 Kf6 46. Kg2 Kg6 47. Kf1 Kf7 48. Ke1 Ke7 49. Kd2 Kd6 50. Kc2 Kc6 51. Kc1 Kc7 52. Kd1 {[%emt 0:00:06] [#] Threatening mate with Ke2.} Kd7 53. Ke1 Ke7 54. Kf1 Kf7 55. Kg1 Kg7 56. Kh1 Kh7 57. Kg2 Kg6 58. Kh3 {[%emt 0:00:14] [#] White wants to mate with Kg4.} Kh5 59. d5 {[%emt 0:00:58] Intending d6 and mate.} Kg5 60. d6 Kf6 61. Kg4 Ke6 62. Kxf4 Kxd6 {[%emt 0:00:05] KP-KP} 63. Ke4 Kc5 64. Ke5 Kc6 65. Kd4 Kb5 66. Kd5 Kb6 67. Kxc4 {[%emt 0:00:10] White threatens Kd5 and mate. KP-K} Kc6 68. Kd4 Kd6 69. c4 $1 Kc6 70. c5 Kc7 71. Kd5 Kd7 72. Kc4 Kc6 73. Kb4 Kc7 74. Kb5 Kb7 75. c6+ Kc8 76. Kc5 Kc7 77. Kd5 Kc8 78. Kd6 Kd8 79. c7+ Kc8 80. Kc6 {[%emt 0:00:02] Black defended with fortune.  Weighted Error Value: White=0.07 (flawless) /Black=0.10 (very precise)} 1/2-1/2

[Event "Asian Amateur-ch Open 2022"]
[Site "Muscat"]
[Date "2022.10.04"]
[Round "8.4"]
[White "Shahali, Milad"]
[Black "Thapa, Krishna"]
[Result "1-0"]
[ECO "B47"]
[WhiteElo "1910"]
[BlackElo "1928"]
[Annotator "TA"]
[PlyCount "113"]
[EventDate "2022.09.29"]
[EventType "swiss"]
[EventCountry "OMN"]
[SourceTitle "playchess.com"]
[Source "ChessBase"]
[SourceQuality "1"]
[TimeControl "5400+30"]

1. e4 c5 2. Nf3 e6 3. d4 cxd4 4. Nxd4 Nc6 5. Nc3 Qc7 6. Qd3 {[%emt 0:00:23] B47: Sicilian: Taimanov: 5 Nc3 Qc7 6 f4, 6 g3 and 6 Be2.} Nf6 7. Ndb5 Qb8 8. Qg3 {[%emt 0:00:17] White is slightly better.} d6 $1 9. Be3 e5 $2 (9... Nh5 $11 10. Qh4 Nf6) 10. O-O-O $18 {[%emt 0:13:45][%cal Ob5d6] [#]} g6 $146 (10... a6 $2 11. Nxd6+ $1 Bxd6 12. Qxg7 $18) (10... Nh5 11. Qg5 a6) ({Predecessor:} 10... Be6 11. Nxd6+ Bxd6 12. Qxg7 Rg8 13. Qxf6 a6 14. Nd5 b5 15. Nb6 Ra7 16. Nc8 Rd7 17. Nxd6+ Rxd6 18. Be2 Rxd1+ 19. Rxd1 Rxg2 20. Qh8+ Ke7 21. Bc5+ {1-0 (21) Kugler,F (2222)-Alquist,E (1961) Reinstorf 2022}) 11. Qh4 Bg7 (11... Ng8 {might work better.} 12. Nd5 Be6 13. Ndc7+ Kd7 14. Nxe6 fxe6) 12. Nxd6+ Kf8 13. Bc5 {[%emt 0:07:07] Nf5+ would kill now.} b6 (13... Be6 $142 14. Nd5 Nd7) 14. Ba3 Kg8 15. Bc4 Be6 16. Bxe6 fxe6 17. Qh3 Nd8 18. Ndb5 h5 (18... Qb7 {keeps fighting.} 19. Kb1 a6) 19. Be7 Kf7 20. Bxf6 Bxf6 21. Rd7+ Kg8 22. Nc7 Rh7 23. Rxh7 Kxh7 24. Nxa8 Qxa8 25. Rd1 Qc6 26. Qd3 Qc5 27. Qe3 Qe7 {[%emt 0:00:44] aiming for ...Bg5.} 28. g3 Nc6 29. Kb1 Bg7 30. f4 exf4 31. gxf4 Qh4 32. Qg3 Qf6 (32... Qxg3 $142 33. hxg3 e5) 33. a3 Na5 34. Qg5 Qf7 $2 (34... Qxg5 35. fxg5 Nc4) 35. e5 Qb7 36. Rg1 Qf7 37. Ne4 {[%emt 0:00:13] Qd8 is the strong threat.} Nc4 38. Nf6+ Bxf6 39. Qxf6 {[%emt 0:00:35][%mdl 4096] Endgame KQR-KQN} (39. exf6 Nd2+ 40. Ka1 Nf3 $11) 39... Qe8 40. Kc1 (40. Rd1 $142) 40... Ne3 41. Qg5 Qf7 42. Kb1 Nd5 43. c4 Ne3 44. b3 Ng4 45. Rd1 Qb7 46. Qd8 {[%emt 0:00:11] Black must now prevent Rd7+.} Qe4+ 47. Kb2 {[%emt 0:00:40] White threatens Rd7+ and mate.} Qxf4 48. Qd7+ (48. Rd7+ $142 Kh6 49. h4 (49. Rxa7 Qxh2+ 50. Kc3 Qxe5+ 51. Qd4 h4 $11) 49... Qxe5+ 50. Ka2 Qe2+ 51. Rd2 (51. Kb1 Qf1+ 52. Ka2 Qe2+ 53. Rd2 Qe5 $18)) 48... Kh6 49. Qd2 ({Inferior is} 49. Qxa7 Qxe5+ 50. Kb1 Qe4+ 51. Kc1 (51. Ka1 Qe5+ 52. Kb1 Qe4+ 53. Ka1 Qe5+ 54. Kb1 $11) 51... Qe3+ 52. Kc2 (52. Kb2 $2 Qe2+ 53. Kc3 Qxd1 $19) 52... Qe4+ 53. Kc1 Qf4+ 54. Kb2 (54. Kb1 Qf3 $11) 54... Qe5+ 55. Kb1 Qe4+ 56. Kc1 $11 (56. Ka1 Qe5+ 57. Kb1 $11)) (49. Qxe6 $6 Qf2+ 50. Kb1 (50. Ka1 Ne3 $11) 50... Qf3 $14) 49... Ne3 $2 (49... g5 $16 {was necessary.}) 50. Ka2 g5 51. Re1 Ng4 52. Qxf4 gxf4 {[%emt 0:00:01] [#]} 53. b4 $1 {[%emt 0:00:40][%cal Bb3b4,Bb4c5,Bc5c6,Bc6c7][%mdl 32] Threatens to win with c5.} Kg5 $2 {[%emt 0:00:35] [#]} (53... f3 54. c5 Nxe5) 54. c5 $1 {[%emt 0:00:18] Strongly threatening c6.} bxc5 55. bxc5 Kf5 56. c6 {[%emt 0:00:09] Threatening mate with c7.} f3 57. c7 {[%emt 0:00:07] White took control after the opening.  Weighted Error Value: White=0.48/Black=0.69} 1-0

[Event "Asian Amateur-ch Open 2022"]
[Site "Muscat"]
[Date "2022.10.04"]
[Round "8.5"]
[White "Dadabaev, Zhanybek"]
[Black "Velavaa Ragavesh"]
[Result "1-0"]
[ECO "A96"]
[WhiteElo "1902"]
[BlackElo "1698"]
[Annotator "TA"]
[PlyCount "249"]
[EventDate "2022.09.29"]
[EventType "swiss"]
[EventCountry "OMN"]
[SourceTitle "playchess.com"]
[Source "ChessBase"]
[SourceQuality "1"]
[TimeControl "5400+30"]

1. d4 f5 2. c4 e6 3. Nf3 Nf6 4. g3 Be7 5. Bg2 O-O 6. Nc3 d6 7. O-O Ne4 8. Qc2 Nxc3 9. bxc3 Nc6 {[%emt 0:02:47] A96: Classical Dutch: Fluid Systems: Early deviations.} 10. d5 Na5 11. Qa4 b6 {[%emt 0:20:41] [#] The position is equal.} 12. Rd1 $146 (12. dxe6 $1 $11 {keeps the balance.} Rb8 13. Nd4) ({Predecessor:} 12. Nd4 Bd7 13. Qc2 e5 14. Nc6 Nxc6 15. dxc6 Be6 16. Bd5 Bxd5 17. cxd5 Qe8 18. a4 {0-1 (26) Babula,V (2545)-Svoboda,S (2441) Slovakia 2016}) 12... e5 (12... Bd7 $17 13. Qc2 (13. Qb4 c5 $17) 13... e5) 13. Nxe5 Bf6 ({Better is} 13... dxe5 $15 14. d6 e4 15. dxe7 Qxe7) 14. Nd3 Bxc3 (14... g5 $11) 15. Rb1 $36 {[%emt 0:01:41][%mdl 2048] White is more active.} Qe8 16. Qc2 Bf6 17. Bd2 Nb7 18. Re1 Nc5 {[%emt 0:00:19] Prevents e4.} 19. Nxc5 bxc5 20. h4 Qg6 21. Qa4 {[%emt 0:02:54] Strongly threatening Qc6. White is more active.} (21. Ba5 $5 ) 21... f4 22. Bxf4 Bxh4 $2 23. Qc6 $1 $18 Rxf4 24. Qxa8 (24. gxf4 Bh3 $1 25. Qxa8+ Kf7) 24... Rf8 25. Rb8 (25. gxh4 {gets mated.} Bh3) 25... Qf5 26. Rf1 Bf6 27. Qxa7 Qd7 28. Qa5 h5 29. Qb5 Qg4 30. Bf3 Qh3 31. Bg2 Qg4 32. Bf3 Qh3 33. Qb1 h4 34. Bg2 Qg4 35. Qe4 Qxe4 36. Bxe4 hxg3 37. e3 ({Weaker is} 37. fxg3 Bd4+ 38. Kh2 Rxf1 $16) 37... Bg5 38. f4 Bf6 39. Rf3 Bh4 40. a4 Kf7 41. a5 g2 42. f5 Be1 43. a6 Bxa6 44. Rxf8+ Kxf8 {[%emt 0:00:04][%mdl 4096] Endgame KRB-KB} 45. Bd3 ({Not} 45. Kxg2 Bxc4 46. Rh3 Ke7 $14) 45... Bc3 46. Kxg2 Bf6 47. Rf1 Ke7 48. Kf3 Bc8 49. Rh1 Bd7 50. Bc2 Be8 51. Rb1 Bh5+ 52. Ke4 Be8 53. Rb8 g6 54. Bd1 gxf5+ (54... Bg5 $142 55. Bg4 c6 56. dxc6 Bxc6+ 57. Kd3 Be8 58. Rb7+ Kf6) 55. Kxf5 {[%emt 0:00:04][%cal Ob8e8] Threatening mate with Rxe8+!} Bd7+ 56. Ke4 Be5 57. Bh5 c6 58. Rb7 {[%emt 0:00:54] White threatens dxc6 and mate.} Kd8 59. Bf7 Bh3 60. Be6 cxd5+ $2 (60... Bg2+ $16 61. Kf5 cxd5 62. Bxd5 Bh3+ 63. Ke4 Bg2+ 64. Kd3 Bh3) 61. Kxd5 Bf1 62. e4 Bd3 63. Rb3 Bc2 64. Rb8+ Ke7 (64... Kc7 $142) 65. Rb7+ Kd8 66. Bf5 $2 (66. Rd7+ $18 {has better winning chances.} Ke8 67. Bf5) 66... Ba4 $16 67. Ra7 Bb3 $2 (67... Be8 $16 {is more resistant.} 68. Bg4 Bg6) 68. Ra3 Bd1 69. Kc6 (69. Ra5 $18 {and White stays clearly on top.}) 69... Be2 $2 {[%emt 0:00:21] [#]} (69... Ke7 $16 {is a better chance.} 70. Kd5 Kf6) 70. Be6 $1 $18 Bh5 71. Ra7 Bf3 (71... Be8+ $142 72. Kd5 Bf4) 72. Bd5 {[%emt 0:00:23] And now Rd7+ would win.} Bh5 (72... Bg4 $142 73. Rc7 Bh3) 73. Ra8+ Ke7 74. Ra3 Bg4 75. Ra7+ Kd8 76. Rf7 Bh3 77. Rh7 Bg4 78. Rh4 Bc8 79. Rh6 Bd7+ 80. Kb6 Bg4 81. Be6 Bf3 82. Bf5 Be2 83. Kb5 $1 Bd3 84. Rh3 (84. Rh7 $142) 84... Bf1 (84... Be2 $142 85. Rh7 Ke8) 85. Rh7 (85. Re3 $142) 85... Bd3 $2 (85... Be2 86. Bg6 Bg4) 86. Bg6 Be2 87. Bf7 $2 (87. Kc6) 87... Bd3 88. Bd5 Bc2 $2 (88... Be2 89. Kc6 Bg4) 89. Rh5 Bf4 90. Rf5 Bg3 91. Kb6 {[%emt 0:00:45] Threatens to win with Rf8+.} Bd1 (91... Be5 $142 92. Rf8+ Ke7 93. Rf7+ Ke8) 92. Rf1 Bc2 93. Rf3 (93. Rc1 $142) 93... Be5 94. Bc6 (94. Rf8+ $142 Kd7 95. Rf7+ Ke8 96. Rf2) 94... Bd1 $2 (94... Ke7 95. Bd5 Ba4 96. Rf7+ Ke8) 95. Rf8+ Ke7 96. Re8+ Kf6 97. Bd5 {[%emt 0:00:34] aiming for Re6+.} Bg4 {[%emt 0:00:00] Inhibits Re6+.} (97... Bg3 $142 98. Rg8 Be5 99. Rf8+ Ke7 100. Rf7+ Kd8) 98. Kc7 Bh3 99. Rh8 Bg4 100. Rh7 Kg6 101. Rf7 Bh3 102. Rf8 {[%emt 0:00:12] Black must now prevent Kc6.} Kg7 103. Rf7+ Kg6 104. Kc6 Bg2 (104... Bg4 $142 105. Rf2 Kh6) 105. Rf8 {[%emt 0:00:13] White wants to mate with Rg8+.} Bh3 {[%emt 0:00:40] [#]} 106. Rd8 $1 Kg7 107. Rxd6 Bxd6 108. Kxd6 {[%emt 0:00:08] KB-KB. White mates.} Kf8 109. Bc6 Bf1 110. Bb5 Kf7 111. e5 Kg7 112. e6 Be2 113. e7 Bh5 114. e8=Q Bxe8 115. Bxe8 Kf6 116. Kxc5 Ke7 117. Bh5 Kd8 118. Kd6 Kc8 119. c5 Kb8 120. Bg4 Ka7 121. c6 Ka8 122. c7 Kb7 123. c8=Q+ Ka7 124. Qc5+ Ka6 125. Bc8# {[%emt 0:00:10] Weighted Error Value: White=0.42/Black=0.32} 1-0